 Dungeon Crawl Stone Soup version 0.29-a0-321-gf1c400731a (webtiles) character file.

Game seed: 1583490251135455470

4 bande the Skirmisher (level 1, 0/14 HPs)
             Began as a Gargoyle Fighter on Apr 3, 2022.
             Slain by a frilled lizard (2 damage)
             ... on level 1 of the Dungeon.
             The game lasted 00:00:17 (40 turns).

bande the Skirmisher (Gargoyle Fighter)               Turns: 40, Time: 00:00:17

Health: 0/14       AC:  9    Str: 19    XL:     1   Next: 60%
Magic:  1/1        EV:  9    Int:  8    God:
Gold:   13         SH:  4    Dex:  9    Spells: 0/0 levels left

rFire   . . .      SeeInvis .   a - +0 war axe
rCold   . . .      Faith    .   c - +0 buckler
rNeg    + . .      Spirit   .   b - +0 scale mail
rPois   ∞          Reflect  .   (no helmet)
rElec   +          Harm     .   (no cloak)
rCorr   .          Rampage  .   (no gloves)
Will    .....                   (no boots)
Stlth   ..........              (no amulet)
HPRegen 0.04/turn               (no ring)
MPRegen 0.07/turn               (no ring)

@: no status effects
A: sickness immunity, AC +2, negative energy resistance 1, electricity
resistance, torment resistance 1, petrification resistance
a: no special abilities


You were on level 1 of the Dungeon.
You visited 1 branch of the dungeon, and saw 1 of its levels.

You collected 13 gold pieces.

Inventory:

Hand Weapons
 a - a +0 war axe (weapon)
Armour
 b - a +0 scale mail (worn)
 c - a +0 buckler (worn)
Scrolls
 e - a scroll of identify {unknown}
Potions
 d - a potion of might


   Skills:
 + Level 3.4 Fighting
 + Level 1.7 Axes
 + Level 3.3 Armour
 + Level 0.2 Dodging
 + Level 3.3 Shields


You couldn't memorise any spells.
You didn't know any spells.
Your spell library was empty.

Dungeon Overview and Level Annotations

Branches:
Dungeon (1/15)

Altars:


Innate Abilities, Weirdness & Mutations

You are immune to sickness and miasma.
Your stone body is resilient. (AC +2)
You are immune to poison.
You resist negative energy. (rN+)
You are resistant to electric shocks. (rElec)
You are resistant to unholy torment.
You are immune to petrification.


Message History

You kill the jackal!
You hit the jackal.
The jackal is moderately wounded.
You hit the jackal. The jackal barely misses you. The jackal bites you.
The jackal barely misses you. The jackal closely misses you.
Unknown command.
You barely miss the jackal.
The jackal is moderately wounded.
You hit the endoplasm. You miss the jackal. You barely miss the frilled lizard.
You block the jackal's attack. The jackal closely misses you.
The frilled lizard bites you. The endoplasm freezes you.
You are frozen.
You block the jackal's attack.
The jackal bites you but does no damage.
The endoplasm hits you but does no damage.
The frilled lizard bites you.
Unknown command.
You slash the jackal!
You kill the jackal!
You miss the frilled lizard. You completely miss the jackal.
You hit the endoplasm. The jackal closely misses you.
The frilled lizard bites you but does no damage.
The endoplasm freezes you.
You are frozen.
* * * LOW HITPOINT WARNING * * *
The jackal misses you. The jackal barely misses you.
The endoplasm barely misses you. The frilled lizard bites you.
* * * LOW HITPOINT WARNING * * *
You see here a jackal corpse.
The jackal attacks as you move away! The jackal closely misses you.
The frilled lizard bites you but does no damage.
The endoplasm barely misses you.
The jackal bites you but does no damage.
The endoplasm attacks as you move away!
The endoplasm hits you but does no damage.
Okay, then.
The frilled lizard attacks as you move away!
The frilled lizard bites you.
You die...

#.......♣♣
#........♣
#........♣♣
♣.........♣
♣.........
♣........ ####
♣♣.l.^#######..##
♣.†J@...[).'....#
♣..h!......#....#
♣......#######..##
♣........8 #'##
♣.......P.P #..#
♣#..#..P...P #..#
#..#...P... #..#
#..#8.P.P.P #..#
#..#


You could see an endoplasm, a jackal and a frilled lizard.

Vanquished Creatures
  A goblin (D:1)
  2 jackals (D:1)
3 creatures vanquished.

Notes
Turn   | Place    | Note
-------+----------+-------------------------------------------
     0 | D:1      | bande the Gargoyle Fighter began the quest for the Orb.
     0 | D:1      | Reached XP level 1. HP: 14/14 MP: 1/1
    40 | D:1      | Slain by a frilled lizard

Illustrated notes

Levels and vault maps discovered:
D:1:      sevenhm_arrival_forest_fort_large_4, layout_loops_cross,
          hellmonk_ecumenical_altar_arch_garden

Action                   || total
-------------------------++-------
Melee: War axe           ||    12
Armor: Scale mail        ||    14
Dodge: Dodged            ||    17
Block: Buckler           ||     5

Table legend: (Time is in decaauts)
 A = Elapsed time spent in this place.
 B = Non-inter-level travel time spent in this place.
 C = Inter-level travel time spent in this place.
 D = Time resting spent in this place.
 E = Time spent auto-exploring this place.
 F = Levels seen in this place.
 G = Mean time per level.
                   A        B        C        D        E       F      G
               +--------+--------+--------+--------+--------+-----+--------+
         Total |     45 |     45 |      0 |      0 |     18 |   1 |   45.0 |
       Dungeon |     45 |     45 |      0 |      0 |     18 |   1 |   45.0 |
               +--------+--------+--------+--------+--------+-----+--------+

Top non-repeatable levels by time:
     D:1: 45 daAuts
